Map: Ever Dream LE

Players

Silky

  • Race: Zerg Zerg
  • Spawn Location: 1:00

LiquidTLO (TLO) - Winner!

  • Race: Zerg Zerg
  • League: Master
  • Spawn Location: 7:00

Event: DreamHack SC2 Masters 2020 Summer North America

VOD

Have the link to the VOD?

Description

Time

  • Played on: July 4, 2020, 4:25 p.m.
  • Length: 4:28

All games in this series

Show
View Real Time Build Order
Export as new Build Order

Silky Zerg 

Build Orders: Hatch First 

Get SALT Encoding   

  12  0:00  Drone  
  13  0:12  Overlord  
  13  0:17  Drone  
  14  0:31  Drone x2  
  16  0:47  Hatchery  
  15  0:51  Drone  
  15  0:54  Drone  
  17  0:57  Drone  
  18  1:08  Extractor  
  17  1:13  Spawning Pool  
  17  1:16  Drone  
  17  1:20  Drone  
  19  1:40  Evolution Chamber  
  19  1:44  Hatchery  
  18  1:47  Evolution Chamber  
  18  1:48  Hatchery  
  16  2:00  Zergling x4, Spine Crawler  
  16  2:01  Zergling x2  
  18  2:03  Spine Crawler  
  17  2:11  Zergling x2  
  17  2:13  Queen  
  21  2:18  Spine Crawler  
  20  2:23  Zergling x2  
  21  2:42  Zergling x2  
  5  3:25  Zergling x4  
Show
View Real Time Build Order
Export as new Build Order

LiquidTLO Zerg - Winner!

Build Orders: Pool Only 

Get SALT Encoding   

  12  0:17  Spawning Pool  
  11  0:21  Drone  
  11  0:26  Drone  
  13  0:31  Drone  
  14  0:40  Overlord  
  14  1:04  Zergling x6  
  17  1:15  Zergling x2  
  18  1:26  Zergling x2  
  19  1:36  Zergling x2  
  20  1:47  Zergling x2  
  21  2:13  Zergling x2  
  21  2:15  Spine Crawler x2  
  21  2:19  Spine Crawler  
  21  2:21  Zergling x2  
  20  2:49  Zergling x2  
  15  2:54  Zergling x2  
  9  3:15  Zergling x2  
  10  3:26  Drone  
  10  3:46  Drone  
  11  3:54  Drone  
  12  4:01  Drone  
  13  4:14  Drone x2  
Tags
 
Add a new tag
Caveats
  • Supply blocks, unpowered buildings, or Contaminate may cause inaccurate times.
  • Supply counts are checked every 10 seconds.